 Dungeon Crawl Stone Soup version 0.31-a0-234-gad7ace16ef (webtiles) character file.

Game seed: 16345947194866478941

58 qw the Shooter (level 4, -2/26 HPs)
             Began as a Gargoyle Hexslinger on July 9, 2023.
             Slain by a gnoll
             ... wielding a +0 flail
              (11 damage)
             ... on level 2 of the Dungeon.
             The game lasted 00:00:33 (1576 turns).

qw the Shooter (Gargoyle Hexslinger)                Turns: 1576, Time: 00:00:33

Health: -2/26      AC:  5    Str: 11    XL:     4   Next: 1%
Magic:  5/5        EV: 12    Int: 14    God:
Gold:   124        SH:  0    Dex: 14    Spells: 4/5 levels left

rFire   . . .        Y - +2 sling
rCold   . . .        (no shield)
rNeg    + . .        c - +0 robe
rPois   inf          (no helmet)
rElec   +            (no cloak)
rCorr   .            (no gloves)
SInv    .            (no boots)
Will    .....        (no amulet)
Stlth   +            (no ring)
HPRegen 0.24/turn    (no ring)
MPRegen 0.09/turn

%: no passive effects
@: no status effects
A: sickness immunity, AC +3, negative energy resistance 1, electricity
resistance, torment resistance 1, petrification resistance
a: no special abilities


You were on level 2 of the Dungeon.
You visited 1 branch of the dungeon, and saw 2 of its levels.

You collected 124 gold pieces.


Innate Abilities, Weirdness & Mutations

You are immune to sickness and miasma.
Your stone body is resilient. (AC +3)
You are immune to poison.
You resist negative energy. (rN+)
You are resistant to electric shocks. (rElec)
You are resistant to unholy torment.
You are immune to petrification.


   Skills:
 - Level 2.0 Fighting
 + Level 3.8 Ranged Weapons
 - Level 1.5 Dodging
 - Level 1.0 Spellcasting
 - Level 2.6 Hexes


You had 4 spell levels left.
You knew the following spells:

 Your Spells              Type           Power      Damage    Failure   Level
a - Slow                  Hex            32%        N/A       9%          1

Your spell library contained the following spells:

 Spells                   Type           Power      Damage    Failure   Level
 Inner Flame              Hex/Fire       4%         N/A       41%         3
 Portal Projectile        Hex/Tloc       8%         N/A       41%         3
 Cause Fear               Hex            4%         N/A       65%         4

Inventory:

Hand Weapons
 Y - a +2 sling (weapon)
Armour
 c - a +0 robe (worn)
 h - a +0 ring mail
Jewellery
 f - a +6 ring of intelligence
Scrolls
 e - 4 scrolls of identify
 g - a scroll of blinking {unknown}
Potions
 a - a potion of invisibility {unknown}
 b - a potion of heal wounds {unknown}
 d - a potion of attraction {unknown}
 j - 2 potions of haste

Dungeon Overview and Level Annotations

Branches:
Dungeon (2/15)

Altars:
Dithmenos

Shops:
D:1 [


Message History

The jackal pauses to sniff the ground.
The jackal barely misses you. The jackal misses you.
You shoot a sling bullet. The sling bullet hits the jackal.
The jackal is severely wounded.
The jackal barely misses you.
The jackal bites you but does no damage.
You shoot a sling bullet.
The sling bullet barely misses the jackal.
The sling bullet closely misses the jackal.
The jackal barely misses you.
You shoot a sling bullet. The sling bullet misses the jackal.
The sling bullet hits the jackal.
The jackal is moderately wounded.
The jackal bites you. The jackal closely misses you.
You shoot a sling bullet.
The sling bullet hits the jackal but does no damage.
The jackal is severely wounded.
The jackal bites you. The jackal misses you.
You shoot a sling bullet. The sling bullet misses the jackal.
The sling bullet hits the jackal.
You kill the jackal!
The jackal bites you but does no damage.
You shoot a sling bullet. The sling bullet hits the jackal.
You kill the jackal!
The gnoll barely misses you.
You have reached level 4!
You feel clever.
You shoot a sling bullet. The sling bullet hits the gnoll.
The gnoll is moderately wounded.
The gnoll hits you with a +0 flail.
You shoot a sling bullet. The sling bullet hits the gnoll.
The gnoll is severely wounded.
The gnoll hits you with a +0 flail!
You shoot a sling bullet.
The sling bullet closely misses the gnoll.
The gnoll barely misses you.
You shoot a sling bullet.
The sling bullet hits the gnoll but does no damage.
The gnoll is severely wounded.
The gnoll hits you with a +0 flail!
You die...

####....#.#.....#.##.
##.#)#.#.......##.
#.....#.....#[#..
###.###.....#.#..
###.#########.'##
##........# ####
####..#.####.# #####
#.......####.# #....
#..P@P.....#.# #.###
####g#####.#.####.#
+.. ###.%......#
#...#.....######
+...####### #####


You could see a gnoll.

Vanquished Creatures
  An adder (D:2)
  A worm (D:2)
  A dart slug (D:2)
  5 endoplasms
  2 giant cockroaches
  5 hobgoblins
  2 jackals (D:2)
  4 kobolds
  4 quokkas
  3 ball pythons
  3 bats
  2 frilled lizards
  3 goblins
  4 rats
40 creatures vanquished.

Notes
Turn   | Place    | Note
-------+----------+-------------------------------------------
     0 | D:1      | qw the Gargoyle Hexslinger began the quest for the Orb.
     0 | D:1      | Reached XP level 1. HP: 12/12 MP: 2/2
     0 | D:1      | 0 ||| qw: Version: 0.3-a-51-g015441d
     0 | D:1      | 0 ||| qw: Game counter: 4174
     0 | D:1      | 0 ||| qw: Melee chars always use a shield: true
     0 | D:1      | 0 ||| qw: God list: Okawaru
     0 | D:1      | 0 ||| qw: Allow faded altars: false
     0 | D:1      | 0 ||| qw: Do Orc after clearing Dungeon:15 true
     0 | D:1      | 0 ||| qw: Do second Lair branch before Depths: true
     0 | D:1      | 0 ||| qw: Lair rune preference: random
     0 | D:1      | 0 ||| qw: Goals: Normal
     0 | D:1      | 0 ||| PLANNING D:1-11
   109 | D:1      | Reached XP level 2. HP: 16/16 MP: 3/3
   175 | D:1      | Found Pecs's Armour Boutique.
   180 | D:1      | 180 ||| SHOPLISTING +0 leather armour (24 gold, have 12).
   180 | D:1      | 180 ||| SHOPLISTING +0 ring mail (48 gold, have 12).
   180 | D:1      | 180 ||| SHOPLISTING +1 cloak of preservation (198 gold,
                  | have 12).
   454 | D:1      | Reached skill level 3 in Ranged Weapons
   918 | D:1      | 918 ||| READING scroll labelled TEZXUVV JECWO.
   927 | D:1      | 927 ||| READING 6 scrolls labelled YTULOTIUJE.
   933 | D:1      | 933 ||| READING scroll labelled VADYNO HECKI.
   935 | D:1      | 935 ||| READING scroll labelled RANIKK DOEXE.
   936 | D:1      | 936 ||| READING scroll labelled PEOZ QOEDU.
   937 | D:1      | 937 ||| READING scroll labelled FUCATW CUGURU.
   938 | D:1      | 938 ||| READING 5 scrolls of identify.
   938 | D:1      | 938 ||| IDENTIFYING murky red potion
   939 | D:1      | 939 ||| DROPPING scroll of poison.
  1015 | D:2      | Reached XP level 3. HP: 21/21 MP: 4/4
  1016 | D:2      | 1016 ||| Stepping ~*~*~tactically~*~*~ (outnumbered).
  1019 | D:2      | 1019 ||| Stepping ~*~*~tactically~*~*~ (outnumbered).
  1027 | D:2      | 1027 ||| Stepping ~*~*~tactically~*~*~ (outnumbered).
  1150 | D:2      | Found a shadowy altar of Dithmenos.
  1392 | D:2      | Found a faded altar of an unknown god.
  1573 | D:2      | Reached XP level 4. HP: 23/26 MP: 5/5
  1576 | D:2      | Slain by a gnoll

Levels and vault maps discovered:
D:1:      lightli_molten_gateway, layout_loops_corners, serial_shops, shop
D:2:      layout_loops_cross, basic_altar,
          hellmonk_ecumenical_altar_slurped_away, cheibrodos_gnoll_hut

Skill      XL: |  1  2 |
---------------+-------+-----
Ranged Weapons | 3 |  3.8
Fighting       | 2 |  2.0
Dodging        | |  1.5
Spellcasting   | |  1.0
Hexes          | |  2.6

Action                     |  1- 3 |  4- 6 || total
---------------------------+-------+-------++-------
   Fire: Sling             |   119 |     4 ||   123
    Use: Scroll            |     7 |       ||     7
 Armour: Robe              |    24 |       ||    24
  Dodge: Dodged            |    39 |     1 ||    40

Table legend:
 A = Non-vault XP
 B = Vault XP
 C = Vault XP percentage of total XP
 D = Non-vault monster count
 E = Vault monster count
 F = Vault count percentage of total count
                 A         B        C        D         E       F
            +---------+---------+-------+---------+---------+-------
      Total |      77 |       6 |   7.2 |      37 |       3 |   7.5
            +---------+---------+-------+---------+---------+-------
        D:1 |      29 |       0 |   0.0 |      17 |       0 |   0.0
        D:2 |      48 |       6 |  11.1 |      20 |       3 |  13.0
            +---------+---------+-------+---------+---------+-------
